 Dungeon Crawl Stone Soup version 0.20-a0-738-gb057e68 (webtiles) character file.

8339 Ijustatesigmund the Destroyer (level 11, -9/64 HPs)
             Began as a Deep Elf Conjurer on Feb 23, 2017.
             Was a Believer of Vehumet.
             Killed from afar by Harold (27 damage)
             ... with a bolt of fire
             ... on level 10 of the Dungeon.
             The game lasted 00:55:42 (13318 turns).

Ijustatesigmund the Destroyer (Deep Elf Conjurer)  Turns: 13318, Time: 00:55:43

Health: -9/64      AC: 11    Str:  5    XL:     11   Next: 8%
Magic:  5/34       EV: 14    Int: 26    God:    Vehumet [**....]
Gold:   667        SH:  5    Dex: 16    Spells: 5/26 levels left

rFire    . . .     SeeInvis .   C - +0 dagger (vamp)
rCold    . . .     Gourm    .   I - +3 leather armour
rNeg     . . .     Faith    .   l - +0 buckler
rPois    +         Spirit   .   e - +0 helmet
rElec    .         Reflect  .   w - +0 cloak {rPois}
rCorr    .         Harm     .   r - +1 pair of gloves
MR       +....                  g - +0 pair of boots
Stlth    ++........             (no amulet)
Regen    0.2/turn               v - +3 ring of intelligence
MPRegen  0.3/turn               m - ring of magical power

@: very slightly contaminated, invisible
A: no striking features
a: Renounce Religion


You were on level 10 of the Dungeon.
You worshipped Vehumet.
Vehumet was pleased with you.
You were hungry.

You visited 2 branches of the dungeon, and saw 11 of its levels.

You collected 667 gold pieces.

Inventory:

Hand Weapons
 C - a +0 vampiric dagger (weapon)
 F - a +1 dagger of electrocution
 H - a +2 dagger of speed
Armour
 e - a +0 helmet (worn)
 g - a +0 pair of boots (worn)
 l - a +0 buckler (worn)
 r - a +1 pair of gloves (worn)
 w - a +0 cloak of poison resistance (worn)
 I - a +3 leather armour (worn)
Jewellery
 k - an uncursed ring of protection from fire
 m - a ring of magical power (left hand)
 v - a +3 ring of intelligence (right hand)
Wands
 d - a wand of lightning (7/15)
 i - a wand of enslavement (16/24)
 B - a wand of flame (4/48)
Scrolls
 f - 4 scrolls of magic mapping
 j - 2 scrolls of amnesia
 s - 2 scrolls of remove curse
 x - 2 scrolls of teleportation
 y - a scroll of recharging
 A - a scroll of identify
Potions
 a - a potion of flight {unknown}
 h - 5 potions of curing
 n - a potion of lignification
 z - a potion of brilliance
Books
 b - a book of Conjurations

   Spells                             Type                      Level
   a - Magic Dart                     Conjuration                  1
   b - Searing Ray                    Conjuration                  2
   c - Dazzling Spray                 Conjuration/Hexes            3
   d - Fulminant Prism                Conjuration/Hexes            4
   e - Force Lance                    Conjuration/Translocation    4
   f - Iskenderun's Mystic Blast      Conjuration                  4
 p - a book of Flames

   Spells                             Type                      Level
   a - Flame Tongue                   Conjuration/Fire             1
   b - Throw Flame                    Conjuration/Fire             2
   c - Conjure Flame                  Conjuration/Fire             3
   d - Inner Flame                    Hexes/Fire                   3
   e - Sticky Flame                   Conjuration/Fire             4
   f - Fireball                       Conjuration/Fire             5
 J - a book of Minor Magic

   Spells                             Type                      Level
   a - Magic Dart                     Conjuration                  1
   b - Blink                          Translocation                2
   c - Call Imp                       Summoning                    2
   d - Slow                           Hexes                        2
   e - Conjure Flame                  Conjuration/Fire             3
   f - Mephitic Cloud                 Conjuration/Poison/Air       3
Comestibles
 c - 9 bread rations
 o - 2 chunks of flesh
 q - 4 meat rations
 t - 13 fruits


   Skills:
 - Level 5.6 Fighting
 - Level 5.0 Short Blades
 + Level 2.5 Armour
 - Level 5.4 Dodging
 - Level 3.4 Stealth
 - Level 3.4 Shields
 - Level 8.1 Spellcasting
 - Level 9.1 Conjurations
 - Level 7.5 Hexes
 - Level 7.8 Fire Magic


You had 5 spell levels left.
You knew the following spells:

 Your Spells              Type           Power        Failure   Level  Hunger
a - Magic Dart            Conj           ####         1%          1    None
b - Searing Ray           Conj           ######       1%          2    None
c - Dazzling Spray        Conj/Hex       ######       1%          3    None
d - Iskenderun's Mystic   Conj           ######..     2%          4    ##.....
e - Fulminant Prism       Conj/Hex       ######....   3%          4    ##.....
f - Conjure Flame         Conj/Fire      ######..     1%          3    None
g - Sticky Flame          Conj/Fire      ######..     3%          4    ##.....


Dungeon Overview and Level Annotations

Branches:
Dungeon (10/15)            Temple (1/1) D:7
   Lair: D:8-11         Orc: D:9-12

Altars:
Ashenzari
Cheibriados
Fedhas
Okawaru
Sif Muna
Vehumet
Zin

Shops:
D:4 :   D:7 [

Annotations:
D:10 Harold


Message History

Press: ? - help, Dir - move target cursor, p - Harold The fire ignites!
Harold points at you and mumbles some strange words.
The bolt of fire hits you!
* * * LOW HITPOINT WARNING * * *
Harold is engulfed in blazing flames.
You fade into invisibility!
You are very lightly contaminated with residual magic.
Harold gestures at something while chanting.
You hear a bellow!
Casting: Conjure Flame
Confirm with . or Enter, or press ? or * to list all spells.
Aiming: Dazzling Spray
Press: ? - help, Shift-Dir - straight line, f - Harold
Aim: Harold, wielding a battleaxe and wearing a ring mail (heavily wounded)
The spray of energy hits Harold.
Harold is heavily wounded.
Harold casts a spell at you. The bolt of fire hits you!
You die...

##..##.###.# #.......#..
#######...#.#.###
..........#...# ..
....#...### #######.
....#<..# #.. ...#
######...#
#.####.####........# ....
#.#..@.@(...(....#.# ....
##.##.#)####....).#.#
.....
#.....#.########....#
.....
#.....#.)(..(.('....##
.....(
#ยง###.##########.....###
......##.###.#
#...........#
#......(*##.#
#.#..(.##.#.#
#.....%)....# #.....
..... #........###...
.......##...##


You could see Harold.

Vanquished Creatures
  A two-headed ogre (D:9)
  Pikel (D:4)
  Joseph (D:10)
  A gargoyle (D:10)
  2 trolls (D:9)
  Prince Ribbit (D:5)
  A hippogriff (D:9)
  A spriggan (D:7)
  5 yaks
  A steam dragon (D:9)
  3 water moccasins
  5 orc warriors
  2 slaves (D:4)
  An ice beast (D:9)
  2 phantoms (D:9)
  3 ogres
  A black bear (D:9)
  A necrophage (D:5)
  5 centaurs
  A big kobold (D:7)
  Blork the orc (D:4)
  3 bullfrogs
  4 scorpions
  6 wights
  3 howler monkeys
  6 crimson imps
  2 bullfrog zombies
  2 centaur zombies (D:5)
  4 hounds
  11 orc priests
  Crazy Yiuf (D:6)
  3 bullfrog skeletons
  A centaur skeleton (D:6)
  17 orc wizards
  A hell rat (D:10)
  5 iguanas
  4 worker ants
  A killer bee zombie (D:9)
  2 hound zombies (D:7)
  A hound skeleton (D:6)
  3 worker ant zombies
  A howler monkey skeleton (D:5)
  4 gnolls (D:9)
  19 adders
  A shadow imp (D:6)
  An ooze (D:4)
  2 adder skeletons (D:6)
  2 worms
  3 dart slugs (D:1)
  8 leopard geckos
  34 orcs
  5 ball pythons
  15 giant cockroaches
  8 goblins
  11 hobgoblins
  8 jackals
  7 quokkas
  5 bats
  4 frilled lizards
  A jackal skeleton (D:6)
  10 kobolds
  A leopard gecko zombie (D:8)
  A quokka skeleton (D:4)
  10 rats
281 creatures vanquished.

Vanquished Creatures (collateral kills)
  An orc priest (D:4)
  An orc (D:3)
2 creatures vanquished.

Vanquished Creatures (others)
  An orc wizard (D:4)
  2 orcs
  A bat (D:1)
  A hobgoblin (D:3)
  A kobold (D:1)
  33 fulminant prisms
39 creatures vanquished.

Grand Total: 322 creatures vanquished

Notes
Turn   | Place    | Note
-------+----------+-------------------------------------------
     0 | D:1      | Ijustatesigmund the Deep Elf Conjurer began the quest for the Orb.
     0 | D:1      | Reached XP level 1. HP: 10/10 MP: 6/6
   201 | D:1      | Reached XP level 2. HP: 15/15 MP: 2/8
   205 | D:1      | Learned a level 2 spell: Searing Ray
   723 | D:1      | Reached XP level 3. HP: 19/19 MP: 8/11
  1043 | D:1      | Reached skill level 5 in Spellcasting
  1160 | D:2      | Learned a level 3 spell: Dazzling Spray
  1262 | D:2      | Reached skill level 1 in Hexes
  1678 | D:2      | Reached XP level 4. HP: 24/24 MP: 10/13
  1684 | D:2      | Learned a level 4 spell: Iskenderun's Mystic Blast
  2709 | D:3      | Reached XP level 5. HP: 28/28 MP: 14/14
  2715 | D:3      | Learned a level 4 spell: Fulminant Prism
  2966 | D:4      | Noticed a water moccasin
  2974 | D:4      | Killed a water moccasin
  2974 | D:4      | Reached skill level 1 in Fighting
  2974 | D:4      | Reached skill level 1 in Short Blades
  2974 | D:4      | Reached XP level 6. HP: 24/34 MP: 15/15
  3357 | D:5      | Entered Level 5 of the Dungeon
  3870 | D:5      | Found a deep blue altar of Sif Muna.
  3909 | D:5      | Reached skill level 5 in Conjurations
  3909 | D:5      | Reached XP level 7. HP: 23/40 MP: 13/16
  4044 | D:5      | Noticed Prince Ribbit
  4255 | D:4      | Noticed Pikel
  4275 | D:4      | Killed Pikel
  4275 | D:4      | Reached skill level 8 in Conjurations
  4275 | D:4      | Reached XP level 8. HP: 40/45 MP: 1/17
  5019 | D:4      | Noticed Blork the orc
  5029 | D:4      | Killed Blork the orc
  5044 | D:4      | Found Higoberu's Book Shoppe.
  5296 | D:5      | Killed Prince Ribbit
  5461 | D:5      | Reached skill level 5 in Hexes
  5870 | D:6      | Reached skill level 5 in Dodging
  6080 | D:6      | Reached XP level 9. HP: 52/52 MP: 17/21
  6620 | D:6      | Learned a level 3 spell: Conjure Flame
  6625 | D:6      | Learned a level 4 spell: Sticky Flame
  6796 | D:6      | Reached skill level 1 in Fire Magic
  7049 | D:6      | Found a runed door.
  7054 | D:6      | Noticed Crazy Yiuf
  7059 | D:6      | Killed Crazy Yiuf
  7822 | D:7      | Reached skill level 5 in Fire Magic
  8128 | D:7      | Found a staircase to the Ecumenical Temple.
  8137 | Temple   | Entered the Ecumenical Temple
  8177 | Temple   | Became a worshipper of Vehumet
  8477 | D:7      | Found Jokaabb's Antique Armour Emporium.
  8529 | D:7      | Found a glowing silver altar of Zin.
  8611 | D:7      | Reached skill level 1 in Shields
  9369 | D:8      | Reached XP level 10. HP: 56/56 MP: 21/22
 10166 | D:9      | Reached * piety under Vehumet
 10166 | D:9      | Offered knowledge of Freeze by Vehumet.
 10337 | D:9      | Noticed a two-headed ogre
 10383 | D:9      | Killed a two-headed ogre
 10383 | D:9      | Reached skill level 5 in Fighting
 10819 | D:9      | Reached skill level 5 in Short Blades
 11289 | D:9      | Found a snail-covered altar of Cheibriados.
 11299 | D:9      | Found a shattered altar of Ashenzari.
 11340 | D:9      | Found an iron altar of Okawaru.
 11545 | D:9      | Found a blossoming altar of Fedhas.
 11554 | D:9      | Offered knowledge of Sandblast by Vehumet.
 11772 | D:9      | Reached ** piety under Vehumet
 12473 | D:10     | Entered Level 10 of the Dungeon
 12629 | D:9      | Reached skill level 9 in Conjurations
 12954 | D:10     | Noticed a gargoyle
 12964 | D:10     | Killed a gargoyle
 12964 | D:10     | Reached skill level 1 in Armour
 12964 | D:10     | Reached XP level 11. HP: 48/64 MP: 2/25
 13105 | D:10     | Noticed Joseph
 13129 | D:10     | Killed Joseph
 13292 | D:10     | Noticed Harold
 13318 | D:10     | Killed from afar by Harold

Vault maps used:
D:1:      eino_arrival_tree_alley, lemuel_old_faithful
D:3:      dk_vineyard_1, minmay_crystal_water
D:4:      serial_shops, kennysheep_mini_moat, uniq_blork_the_orc, uniq_pikel
D:5:      overflow_temple_1_default, first_bread, uniq_prince_ribbit1
D:6:      uniq_crazy_yiuf_cottage
D:7:      kennysheep_little_box, minmay_temple_entry_junction, serial_shops,
          shop, the_bakery
D:8:      sigmund_army
D:9:      nicolae_overflow_quartered_altars, nicolae_overflow_hidden_temple
D:10:     dpeg_lair_monsters, uniq_joseph, uniq_harold
Temple:   regret_index_temple_generic_petals

Skill      XL: |  1  2  3  4  5  6  7  8  9 10 11 |
---------------+----------------------------------+-----
Spellcasting   | 4 5 7 8 |  8.1
Hexes          | 2 4 6 7 |  7.5
Fighting       | 1 2 4 5 |  5.6
Short Blades   | 1 2 5 |  5.0
Dodging        | 3 4 5 |  5.4
Conjurations   | 5 8 9 |  9.1
Stealth        | 3 |  3.4
Fire Magic     | 7 |  7.8
Shields        | 3 |  3.4
Armour         | 1 2 |  2.5

Action                   |  1- 3 |  4- 6 |  7- 9 | 10-12 || total
-------------------------+-------+-------+-------+-------++-------
Melee: Short sword       |       |       |     7 |       ||     7
       Dagger            |       |       |       |    17 ||    17
 Cast: Magic Dart        |    90 |   136 |   375 |   214 ||   815
       Iskenderun's Myst |       |     5 |     9 |    13 ||    27
       Dazzling Spray    |       |     4 |    18 |    30 ||    52
       Searing Ray       |       |     1 |     5 |     7 ||    13
       Fulminant Prism   |       |     1 |    17 |    15 ||    33
       Sticky Flame      |       |       |       |    11 ||    11
       Conjure Flame     |       |       |       |     4 ||     4
Evoke: Wand              |       |     1 |     4 |       ||     5
  Use: Scroll            |     7 |     6 |     7 |     2 ||    22
       Potion            |       |     2 |     2 |     1 ||     5
 Stab: Invisible         |       |       |       |     1 ||     1
       Sleeping          |       |       |       |     1 ||     1
  Eat: Chunk             |     2 |     6 |    14 |    11 ||    33
       Fruit             |       |     2 |     4 |     5 ||    11
       Royal jelly       |       |       |     1 |     1 ||     2
       Bread ration      |       |       |     1 |       ||     1
Armor: Robe              |     1 |     2 |    30 |    20 ||    53
       Leather armour    |       |       |       |     9 ||     9
Dodge: Dodged            |     3 |    22 |    90 |    79 ||   194
Block: Buckler           |       |       |     2 |    26 ||    28
